AoeStats
← Kralj_Matjaž

Black Forest

508882626Analyzed
4v4 RM · 7d ago on Sep 24, 2026· 78m 26s· 8 players
Game mode
Random Map
Map size
Large (8 player)
Population
200
Speed
Normal
Resources
Standard
Victory
Conquest
Starting age
Dark Age
Ending age
Imperial Age
RankedLock teamsTeams togetherTeam positionsShared explorationLock speedFull tech treeHidden civsTurbo modeCheats
Victory
Defeat
🇸🇮 Berbers · Slovenia
551
+13
541
+14
🇦🇷 Georgians · Argentina
402
+19
🇹🇷 Aztecs · Türkiye
356
+22
🇪🇸 Inca · Spain
511
-18
🇨🇳 Slavs · China
506
-18
🇩🇪 Teutons · Germany
460
-16
🇨🇳 Jurchens · China
460
-16
KaosxD
15:08 Feudal Age
15:34 Horse Collar
24:25 Castle Age
30:43 Heavy Plow
30:29 Double-Bit Axe
34:57 Imperial Age
32:41 Padded Archer Armor
34:26 Champi Runner
34:52 Arson
35:09 Squires
37:35 Wheelbarrow
38:00 Champi Warrior
39:23 Crop Rotation
39:04 Bow Saw
39:16 Leather Archer Armor
38:52 Fletching
39:03 Scale Mail Armor
39:14 Forging
40:02 Thumb Ring
40:51 Hand Cart
42:04 Fabric Shields
42:05 Andean Sling
43:55 Chemistry
43:26 Ballistics
43:09 Elite Kamayuk
44:07 Elite Champi Warrior
51:16 Conscription
LAI32
11:13 Feudal Age
10:57 Loom
12:10 Double-Bit Axe
14:48 Wheelbarrow
21:37 Horse Collar
28:58 Castle Age
31:22 Bow Saw
31:15 Heavy Plow
31:10 Stone Mining
31:34 Gold Mining
32:52 Caravan
36:10 Imperial Age
34:48 Masonry
34:47 Siege Engineers
36:34 Fortified Bastions
40:14 Architecture
40:46 Chemistry
40:07 Ballistics
40:31 Hand Cart
44:53 Stone Shaft Mining
44:54 Gold Shaft Mining
44:33 Forging
44:30 Scale Barding Armor
48:39 Elite Iron Pagoda
51:14 Iron Casting
51:49 Crop Rotation
52:23 Two-Man Saw
53:19 Blast Furnace
53:03 Chain Barding Armor
55:39 Heavy Rocket Cart
61:28 Thunderclap Bombs
62:17 Plate Barding Armor
75:23 Conscription
unrealized
0:36 Loom
11:41 Feudal Age
12:36 Double-Bit Axe
15:20 Wheelbarrow
18:23 Horse Collar
19:00 Scale Barding Armor
21:49 Fletching
25:00 Bloodlines
29:11 Castle Age
28:47 Gold Mining
31:08 Chain Barding Armor
31:43 Forging
31:44 Heavy Plow
31:59 Guard Tower
34:26 Fortified Wall
36:02 Stone Mining
37:45 Iron Casting
38:28 Ironclad
39:17 Bow Saw
42:35 Ballistics
46:28 Imperial Age
44:40 Hand Cart
44:19 Pikeman
45:02 Squires
45:12 Scale Mail Armor
46:23 Arson
46:45 Cavalier
48:48 Chemistry
47:23 Capped Ram
49:22 Plate Barding Armor
48:54 Halberdier
52:28 Two-Man Saw
54:40 Bombard Tower
54:45 Elite Teutonic Knight
56:27 Paladin
59:03 Fervor
59:09 Block Printing
59:20 Illumination
61:08 Blast Furnace
60:53 Keep
62:09 Chain Mail Armor
61:51 Bodkin Arrow
61:46 Arrowslits
62:13 Masonry
64:12 Town Watch
71:05 Conscription
71:50 Town Patrol
72:05 Guilds
73:18 Hoardings
梦仔
20:29 Feudal Age
23:19 Wheelbarrow
22:30 Loom
Kralj_Matjaž
12:47 Feudal Age
13:28 Double-Bit Axe
15:39 Wheelbarrow
15:39 Town Watch
15:40 Loom
22:15 Horse Collar
22:28 Gold Mining
22:29 Stone Mining
28:42 Castle Age
29:39 Hand Cart
29:26 Town Patrol
30:16 Bow Saw
30:27 Caravan
31:02 Heavy Plow
34:35 Fortified Wall
34:21 Murder Holes
35:17 Masonry
35:26 Redemption
35:17 Devotion
35:18 Atonement
35:29 Fervor
36:23 Treadmill Crane
41:55 Imperial Age
39:52 Ballistics
39:23 Guard Tower
40:16 Heated Shot
43:08 Stone Shaft Mining
43:09 Gold Shaft Mining
42:15 Elite Camel Archer
43:17 Arrowslits
44:15 Illumination
43:47 Herbal Medicine
44:28 Theocracy
44:31 Guilds
45:13 Coinage
47:05 Crop Rotation
48:58 Chemistry
48:06 Siege Engineers
48:20 Forging
48:11 Scale Mail Armor
48:17 Scale Barding Armor
52:01 Faith
52:02 Heresy
52:17 Kasbah
52:18 Maghrebi Camels
52:40 Conscription
52:58 Hoardings
53:23 Iron Casting
59:59 Banking
60:09 Careening
60:09 Clinker Construction
60:20 Shipwright
60:06 Siphons
63:56 Blast Furnace
63:13 Chain Mail Armor
63:20 Chain Barding Armor
63:01 Padded Archer Armor
62:52 Fletching
63:36 Dry Dock
63:37 Carvel Hull
67:05 Plate Mail Armor
67:12 Plate Barding Armor
70:31 Leather Archer Armor
70:12 Bodkin Arrow
69:40 Onager
69:42 Heavy Scorpion
fight for your rights
0:32 Loom
11:42 Feudal Age
12:14 Double-Bit Axe
14:57 Horse Collar
18:15 Gold Mining
19:16 Wheelbarrow
23:41 Castle Age
22:52 Town Watch
23:28 Stone Mining
24:42 Bow Saw
26:03 Heavy Plow
26:12 Caravan
32:30 Hand Cart
34:33 Town Patrol
37:02 Gold Shaft Mining
37:06 Stone Shaft Mining
41:51 Imperial Age
40:23 Scale Barding Armor
40:19 Scale Mail Armor
43:21 Chain Barding Armor
43:17 Chain Mail Armor
43:07 Heavy Camel Rider
43:50 Husbandry
43:48 Light Cavalry
44:41 Bloodlines
46:12 Plate Barding Armor
45:48 Arson
46:04 Squires
45:24 Pikeman
45:27 Imperial Camel Rider
45:39 Elite Ghulam
46:20 Grand Trunk Road
48:09 Chemistry
47:30 Ballistics
47:00 Guard Tower
48:20 Shatagni
47:45 Hussar
53:18 Padded Archer Armor
53:08 Fletching
53:30 Forging
55:34 Conscription
55:52 Hoardings
58:21 Siege Elephant
67:16 Iron Casting
66:38 Bodkin Arrow
66:58 Leather Archer Armor
67:18 Coinage
70:32 Blast Furnace
69:33 Bracer
70:04 Ring Archer Armor
69:51 Fortified Wall
69:37 Murder Holes
69:48 Siege Engineers
69:53 Masonry
Burak Krhn
0:48 Loom
15:07 Feudal Age
15:36 Town Watch
16:50 Double-Bit Axe
16:48 Horse Collar
18:38 Gold Mining
20:05 Wheelbarrow
21:42 Stone Mining
28:37 Castle Age
27:33 Arson
28:20 Scale Mail Armor
28:20 Padded Archer Armor
28:31 Forging
28:12 Fletching
29:55 Town Patrol
30:11 Hand Cart
30:34 Gold Shaft Mining
30:36 Stone Shaft Mining
30:03 Heavy Plow
30:17 Bow Saw
30:50 Coinage
30:35 Caravan
32:59 Squires
32:48 Gambesons
33:11 Murder Holes
32:58 Treadmill Crane
40:38 Imperial Age
38:37 Eagle Warrior
39:18 Heated Shot
39:50 Ballistics
41:57 Banking
42:00 Crop Rotation
42:41 Chemistry
41:47 Siege Engineers
41:55 Fortified Wall
46:34 Conscription
45:45 Sappers
46:36 Garland Wars
46:16 Atlatl
45:37 Elite Jaguar Warrior
47:38 Elite Eagle Warrior
48:48 Elite Genitour
61:04 Chain Mail Armor
61:05 Leather Archer Armor
60:45 Bodkin Arrow
61:26 Iron Casting
63:36 Onager
68:46 Siege Onager
Santi el Rey
0:38 Loom
17:11 Feudal Age
17:42 Horse Collar
18:37 Town Watch
19:40 Double-Bit Axe
20:17 Stone Mining
21:29 Arson
27:06 Wheelbarrow
28:58 Gold Mining
37:16 Castle Age
35:32 Forging
35:22 Scale Mail Armor
35:28 Scale Barding Armor
35:24 Padded Archer Armor
35:14 Fletching
39:04 Husbandry
40:07 Bloodlines
40:26 Bow Saw
40:52 Stone Shaft Mining
41:26 Leather Archer Armor
41:07 Bodkin Arrow
42:46 Fortified Wall
42:28 Guard Tower
42:34 Murder Holes
42:57 Heavy Plow
43:55 Svan Towers
47:41 Imperial Age
46:07 Squires
45:53 Gambesons
45:28 Pikeman
45:29 Man-at-Arms
45:31 Crossbowman
47:50 Iron Casting
47:31 Chain Mail Armor
47:36 Chain Barding Armor
47:12 Bodkin Arrow
48:44 Chain Barding Armor
50:33 Chemistry
49:54 Ballistics
51:07 Aznauri Cavalry
52:13 Plate Mail Armor
52:44 Blast Furnace
53:55 Hoardings
57:38 Elite Genitour
60:19 Aznauri Cavalry
67:43 Elite Monaspa
68:26 Cavalier
Connection lost

Rejoining the realm…

Still unreachable

The connection could not be restored.

Session expired

The server has moved on; the page needs a fresh start.